 Dungeon Crawl Stone Soup version 0.24-a0-258-gb86c0f735e (webtiles) character file.

Game seed: 4573811818599034562

84 Redear the Chopper (level 4, -1/38 HPs)
             Began as a Minotaur Gladiator on Apr 19, 2019.
             Killed by nerve-wracking pain
             ... invoked by an orc priest
              (13 damage)
             ... on level 3 of the Dungeon.
             The game lasted 00:02:45 (1578 turns).

Redear the Chopper (Minotaur Gladiator)             Turns: 1578, Time: 00:02:45

Health: -1/38      AC:  5    Str: 18    XL:     4   Next: 23%
Magic:  3/3        EV: 10    Int: 12    God:
Gold:   57         SH:  8    Dex: 13    Spells: 3/3 levels left

rFire    + . .     SeeInvis .   a - +0 war axe
rCold    . . .     Gourm    .   e - +0 shield
rNeg     . . .     Faith    .   b - +0 leather armour
rPois    .         Spirit   .   c - +0 hat
rElec    .         Reflect  .   (no cloak)
rCorr    .         Harm     .   (no gloves)
MR       .....                  (no boots)
Stlth    +.........             (no amulet)
HPRegen  0.12/turn              (no ring)
MPRegen  0.08/turn              (no ring)

@: brilliant, starving
A: retaliatory headbutt, horns 2, iridescent scales 1, clever 1, fire resistance
1
a: no special abilities


You were on level 3 of the Dungeon.
You were starving.

You visited 1 branch of the dungeon, and saw 3 of its levels.

You collected 57 gold pieces.

Inventory:

Hand Weapons
 a - a +0 war axe (weapon)
Missiles
 Z - 3 throwing nets (quivered) {+f}
Armour
 b - a +0 leather armour (worn)
 c - a +0 hat (worn)
 e - a +0 shield (worn)
Wands
 E - a wand of enslavement (4)
Scrolls
 f - 2 scrolls of identify {unknown}
 g - a scroll of remove curse {unknown}
 h - 2 scrolls of enchant armour {unknown}
Comestibles
 z - 3 rations


   Skills:
 + Level 3.4 Fighting
 + Level 4.3 Axes
 - Level 2.0 Throwing
 + Level 2.0 Armour
 + Level 4.0 Dodging
 + Level 0.8 Shields


You had 3 spell levels left.
You didn't know any spells.
Your spell library was empty.

Dungeon Overview and Level Annotations

Branches:
Dungeon (3/15)

Altars:
Cheibriados
Fedhas
Makhleb
Uskayaw


Innate Abilities, Weirdness & Mutations

You reflexively headbutt those who attack you in melee.
You have a pair of horns on your head.
You are partially covered in iridescent scales. (AC +2)
Your mind is acute. (Int +2)
Your flesh is heat resistant. (rF+)


Message History

The orc priest casts a cantrip, but nothing happens.
You block the orc priest's attack.
The orc priest hits you with a +0 short sword.
* * * LOW HITPOINT WARNING * * *
The orc priest calls upon Beogh to heal the orc priest.
The orc priest is healed somewhat.
You take 1 damage, and have 11/38 hp.
Your shield and leather armour prevent you from hitting the orc priest.
The orc priest is lightly wounded.
You hit the orc priest. You block the orc priest's attack.
The orc priest invokes the aid of Beogh against you.
You barely resist.
Unknown command.
You hit the orc priest.
The orc priest is moderately wounded.
Your shield prevents you from hitting the orc priest.
You block the orc priest's attack.
The orc priest mumbles some strange prayers to Beogh against you.
Pain shoots through your body!
You die...

#.. #.. #.# ...
#.### #...# #.##
#..# ##@## .#
#.##.?
#o)o#.#..#.#?.
#.o.#.#.##...
#...#.#.##..
#.[...#.##.# .
#.......#..# ..#
#...#...#..##....#
###
#..<##....<>......
....
##............##.#.


You could see 3 orc priests.

Vanquished Creatures
  2 gnolls
  An adder (D:3)
  3 dart slugs
  2 leopard geckos (D:2)
  3 orcs (D:3)
  10 bats
  2 giant cockroaches
  6 goblins
  6 hobgoblins (D:1)
  2 ball pythons (D:2)
  4 frilled lizards
  4 rats
45 creatures vanquished.

Notes
Turn   | Place    | Note
-------+----------+-------------------------------------------
     0 | D:1      | Redear the Minotaur Gladiator began the quest for the Orb.
     0 | D:1      | Reached XP level 1. HP: 18/18 MP: 0/0
    97 | D:1      | Reached skill level 1 in Armour
    97 | D:1      | Reached XP level 2. HP: 15/25 MP: 1/1
   180 | D:1      | Reached skill level 4 in Axes
   249 | D:1      | Reached skill level 3 in Fighting
   393 | D:1      | Reached XP level 3. HP: 31/31 MP: 2/2
   689 | D:2      | Found a blossoming altar of Fedhas.
   864 | D:2      | Found a hide-covered altar of Uskayaw.
   866 | D:2      | Found a snail-covered altar of Cheibriados.
  1017 | D:2      | Found a burning altar of Makhleb.
  1508 | D:3      | Reached skill level 2 in Armour
  1508 | D:3      | Reached XP level 4. HP: 22/38 MP: 3/3
  1573 | D:3      | Gained mutation: Your mind is acute. (Int +2) [potion of
                  | mutation]
  1573 | D:3      | Gained mutation: Your flesh is heat resistant. (rF+)
                  | [potion of mutation]
  1573 | D:3      | Gained mutation: You are partially covered in iridescent
                  | scales. (AC +2) [potion of mutation]
  1576 | D:3      | Reached skill level 4 in Dodging
  1578 | D:3      | Killed from afar by an orc priest

Levels and vault maps discovered:
D:1:      dpeg_arrival_arbitrary_a, layout_basic, minmay_misc_feat_hallway,
          corexii_item_surrounded_by_moat
D:2:      layout_basic, marbit_many_paths, nicolae_overflow_hidden_temple,
          minmay_misc_feat_doors
D:3:      layout_rooms, lemuel_round_altar

Skill      XL: |  1  2  3  4 |
---------------+-------------+-----
Armour         | 1 2 |  2.0
Axes           | 4 |  4.3
Fighting       | 3 |  3.4
Dodging        | 4 |  4.0
Throwing       | |  2.0
Shields        | |  0.8

Action                   |  1- 3 |  4- 6 || total
-------------------------+-------+-------++-------
Melee: War axe           |    65 |    10 ||    75
       Headbutt          |     9 |     3 ||    12
  Use: Potion            |       |     3 ||     3
 Stab: Sleeping          |     2 |       ||     2
Armor: Leather armour    |    23 |     1 ||    24
Dodge: Dodged            |    66 |     4 ||    70
Block: Shield            |       |     8 ||     8

Table legend:
 A = Non-vault XP
 B = Vault XP
 C = Vault XP percentage of total XP
 D = Non-vault monster count
 E = Vault monster count
 F = Vault count percentage of total count
                 A         B        C        D         E       F
            +---------+---------+-------+---------+---------+-------
      Total |     117 |       3 |   2.5 |      44 |       1 |   2.2
            +---------+---------+-------+---------+---------+-------
        D:1 |      51 |       0 |   0.0 |      20 |       0 |   0.0
        D:2 |      42 |       3 |   6.7 |      19 |       1 |   5.0
        D:3 |      24 |       0 |   0.0 |       5 |       0 |   0.0
            +---------+---------+-------+---------+---------+-------
